 Dungeon Crawl Stone Soup version 0.31-a0-885-gbe960a18b5 (webtiles) character file.

Game seed: 11448389294131332035

698 BinkBink the Chopper (level 7, -4/44 HPs)
             Began as a Gargoyle Monk on Oct 16, 2023.
             Was a Believer of Okawaru.
             Slain by Duvessa
             ... wielding a +1 rapier of draining
              (10 damage)
             ... on level 5 of the Dungeon.
             The game lasted 00:06:25 (3706 turns).

BinkBink the Chopper (Gargoyle Monk)                Turns: 3706, Time: 00:06:25

Health: -4/44      AC:  8    Str: 17    XL:     7   Next: 65%
Magic:  7/7        EV: 13    Int: 10    God:    Okawaru [**....]
Gold:   157        SH:  0    Dex: 12    Spells: 6/6 levels left

rFire   . . .        a - +0 hand axe
rCold   + . .        d - orb {light}
rNeg    + . .        l - +2 robe {rC+}
rPois   ∞            (no helmet)
rElec   +            (no cloak)
rCorr   .            (no gloves)
SInv    +            (no boots)
Will    .....        (no amulet)
Stlth   +            (no ring)
HPRegen 0.27/turn    (no ring)
MPRegen 0.10/turn

%: no passive effects
@: glowing
A: sickness immunity, AC +4, negative energy resistance 1, electricity
resistance, torment resistance 1, petrification resistance
a: Renounce Religion, Heroism


You were on level 5 of the Dungeon.
You worshipped Okawaru.
Okawaru was pleased with you.
You visited 1 branch of the dungeon, and saw 5 of its levels.
You also visited: Sewer.

You collected 157 gold pieces.

Inventory:

Hand Weapons
 a - a +0 hand axe (weapon)
Armour
 d - an orb of light (worn)
 l - a +2 robe of cold resistance (worn)
 q - a +0 troll leather armour {Pargi}
Jewellery
 c - a +6 ring of intelligence
Wands
 g - a wand of flame (21)
Scrolls
 b - 3 scrolls of fog {unknown}
 e - 3 scrolls of teleportation {unknown}
 f - 2 scrolls of immolation {unknown}
 i - 3 scrolls of vulnerability {unknown}
 k - 3 scrolls of poison {unknown}
 n - 2 scrolls of enchant weapon {unknown}
 v - a scroll of enchant armour {unknown}
 w - a scroll of identify {unknown}
 y - a scroll of brand weapon {unknown}
 z - a scroll of amnesia {unknown}
Potions
 h - a potion of curing
 j - 2 potions of mutation {unknown}
 m - 3 potions of brilliance {unknown}
 o - 2 potions of lignification {unknown}
 p - a potion of might {unknown}
 s - 2 potions of invisibility {unknown}
 t - a potion of magic {unknown}
 x - 2 potions of resistance {unknown}


   Skills:
 + Level 5.5 Fighting
 * Level 6.0 Axes
 + Level 4.1 Dodging


You had 6 spell levels left.
You didn't know any spells.
Your spell library contained the following spells:

 Spells                   Type           Power      Damage    Failure   Level
 Sticky Flame             Conj/Fire      0%         2d3       98%         4
 Bombard                  Conj/Erth      0%         9d1       100%        6
 Shatter                  Erth           0%         3d5*      100%        9


Dungeon Overview and Level Annotations

Branches:
Dungeon (5/15)              Sewer (visited)
 Temple: D:4-7

Altars:
Dithmenos
Okawaru
Vehumet

Shops:
D:2 [

Annotations:
D:3 exclusion: statue
D:5 Dowan, Duvessa


Innate Abilities, Weirdness & Mutations

You are immune to sickness and miasma.
Your stone body is resilient. (AC +4)
You are immune to poison.
You resist negative energy. (rN+)
You are resistant to electric shocks. (rElec)
You are resistant to unholy torment.
You are immune to petrification.


Message History

Duvessa is heavily wounded.
Duvessa hits you with a +1 rapier of draining.
You hit Duvessa.
Duvessa is heavily wounded.
Duvessa hits you with a +1 rapier of draining!
You hit Duvessa but do no damage.
Duvessa is heavily wounded.
Duvessa hits you with a +1 rapier of draining.
You hit Duvessa but do no damage.
Duvessa is heavily wounded.
Duvessa hits you but does no damage.
You hit Duvessa but do no damage.
Duvessa is heavily wounded.
Duvessa says, "When magic and the sword combine, nothing stands against them."
Duvessa barely misses you.
Dowan gestures at Duvessa while chanting.
Duvessa seems to speed up.
Duvessa misses you.
It was a potion of curing.
You feel better.
Duvessa says, "When magic and the sword combine, nothing stands against them."
Duvessa hits you with a +1 rapier of draining.
Duvessa closely misses you. Duvessa attacks as she pursues you!
Duvessa barely misses you.
You hit Duvessa but do no damage.
Duvessa is heavily wounded.
Duvessa hits you with a +1 rapier of draining!
Duvessa says, "My weaknesses are his strengths!"
Duvessa hits you with a +1 rapier of draining!
* * * LOW HITPOINT WARNING * * *
Unknown command.
Okay, then.
As you read the scroll labelled YBEM NID EPA, it crumbles to dust.
Wisps of shadow whirl around you...
The shadows disperse without effect.
It was a scroll of summoning.
Dowan casts a spell at you.
The puff of flame hits you but does no damage.
Duvessa completely misses you.
As you read the scroll labelled NAQOATZI VULI, it crumbles to dust.
You feel aware of your surroundings.
It was a scroll of revelation.
Duvessa hits you with a +1 rapier of draining!
You die...

#.##.#### #....#..# *,*,
#.##....######..###.###******,,,
#.#####..>###.......###*,.,,,,..
#.# ###.##..#...######.*****.#
#.# #.)#.#....#.....,* *#.# ##.#
##.#.#....#.#.#*** *..# #..#
##.#.#........# ##... .<##
##...#......########.... .##
###..#.@..........##.... ######
###..#.#e##.#####....... .....#
###...e#.##..## #....... .....#
#####.......##.## #[##....
.....###.........#...>.###.......
.............########.......##...
.....####..#########.......##*...
.....###..########...##..#.......
......§....# #.##...)#.......


You could see Duvessa (fast) and Dowan.

Vanquished Creatures
  Pargi (Sewer)
  A black bear (D:5)
  A phantom (D:3)
  A scorpion (D:4)
  An orc priest (D:3)
  A hound (D:5)
  3 orc wizards (D:3)
  2 iguanas
  Robin (D:4)
  7 adders
  A shadow imp (D:5)
  3 worms
  5 dart slugs
  5 orcs (D:3)
  4 endoplasms
  5 giant cockroaches
  15 goblins
  8 hobgoblins
  3 jackals (D:4)
  A quokka (D:4)
  7 ball pythons
  7 bats
  5 frilled lizards
  8 kobolds
  5 rats
101 creatures vanquished.

Notes
Turn   | Place    | Note
-------+----------+-------------------------------------------
     0 | D:1      | BinkBink the Gargoyle Monk began the quest for the Orb.
     0 | D:1      | Reached XP level 1. HP: 14/14 MP: 1/1
   283 | D:1      | Reached XP level 2. HP: 19/19 MP: 2/2
   294 | D:1      | Reached skill level 3 in Axes
   645 | D:2      | Reached XP level 3. HP: 2/23 MP: 3/3
   831 | D:2      | Found Xeag's Antique Armour Shoppe.
  1479 | D:3      | Noticed a phantom
  1522 | D:3      | Killed a phantom
  1523 | D:3      | Reached skill level 4 in Axes
  1523 | D:3      | Reached XP level 4. HP: 20/29 MP: 4/4
  1523 | D:3      | Reached XP level 5. HP: 23/33 MP: 5/5
  1762 | D:3      | Found a faded altar of an unknown god.
  1850 | D:3      | Found a radiant altar of Vehumet.
  1850 | D:3      | Noticed a charred statue
  1918 | D:3      | Reached XP level 6. HP: 32/39 MP: 6/6
  2183 | D:4      | Got an exquisite book
  2196 | D:4      | Found an iron altar of Okawaru.
  2207 | D:4      | Became a worshipper of Warmaster Okawaru
  2207 | D:4      | Reached * piety under Okawaru
  2207 | D:4      | Reached ** piety under Okawaru
  2270 | D:4      | Found a shadowy altar of Dithmenos.
  2270 | D:4      | Noticed Robin
  2280 | D:4      | Reached skill level 5 in Axes
  2299 | D:4      | Killed Robin
  2457 | D:4      | Found a glowing drain.
  2490 | Sewer    | Entered a sewer
  2535 | Sewer    | Noticed Pargi
  2571 | Sewer    | Killed Pargi
  2572 | Sewer    | Reached skill level 5 in Fighting
  2572 | Sewer    | Reached XP level 7. HP: 7/44 MP: 7/7
  3228 | D:5      | Entered Level 5 of the Dungeon
  3448 | D:5      | Noticed Dowan
  3450 | D:5      | Noticed Duvessa
  3539 | D:5      | Reached skill level 6 in Axes
  3706 | D:5      | Slain by Duvessa

Illustrated notes

Levels and vault maps discovered:
D:1:      lordsloth_arrival_two_stooges, layout_basic
D:2:      layout_loops_cross, serial_shops, shop
D:3:      layout_basic, vehumet_statue, basic_ecumenical_altar
D:4:      layout_rooms, overflow_temple_1_default, old_standard_altar,
          portal_sewer_entry_f, uniq_robin
D:5:      layout_rooms, uniq_duvessa

Skill      XL: |  1  2  3  4  5  6  7 |
---------------+----------------------+-----
Axes           | 3 4 5 6 |  6.0
Fighting       | 4 5 |  5.5
Dodging        | 3 4 |  4.1

Action                     |  1- 3 |  4- 6 |  7- 9 || total
---------------------------+-------+-------+-------++-------
  Melee: Hand axe          |   119 |   171 |    85 ||   375
    Use: Potion            |     2 |     2 |     1 ||     5
         Scroll            |       |       |     2 ||     2
 Armour: Robe              |    76 |   173 |    61 ||   310
  Dodge: Dodged            |    91 |   129 |    58 ||   278

Table legend: (Time is in decaauts)
 A = Elapsed time spent in this place.
 B = Non-inter-level travel time spent in this place.
 C = Inter-level travel time spent in this place.
 D = Time resting spent in this place.
 E = Time spent auto-exploring this place.
 F = Levels seen in this place.
 G = Mean time per level.
                   A        B        C        D        E       F      G
               +--------+--------+--------+--------+--------+-----+--------+
         Total |   3777 |   3679 |     98 |    529 |   2313 |   6 |  629.5 |
       Dungeon |   3389 |   3291 |     98 |    392 |   2165 |   5 |  677.8 |
         Sewer |    388 |    388 |      0 |    137 |    147 |   1 |  388.0 |
               +--------+--------+--------+--------+--------+-----+--------+

Top non-repeatable levels by time:
     D:4: 788 daAuts
     D:2: 770 daAuts
     D:3: 734 daAuts
     D:1: 642 daAuts
     D:5: 452 daAuts
   Sewer: 388 daAuts
